[ AOE2 MATCH · #481007391 ]
Team RMHuns vs Lithuanians
[ REPLAY ANALYSIS · EXTRACTED FROM THE RECORDED GAME ]
Feudal
15:33
Castle
19:47
Imperial
38:52
| APM avg | 24.5 |
| APM peak | 65 |
| eAPM avg | 10.5 |
| Villagers / military | 71 / 151 |
Focus
⚔️ 39.4% · 🌾 60.6%
Cavalry Archer ×101 · Fishing Ship ×31 · Knight ×24 · Scout Cavalry ×20 · Trebuchet (Packed) ×4 · Fire Galley ×2
Feudal
14:33
Castle
21:46
Imperial
32:37
| APM avg | 37.1 |
| APM peak | 83 |
| eAPM avg | 20.3 |
| Villagers / military | 102 / 200 |
Focus
⚔️ 20.5% · 🌾 79.5%
Knight ×193 · Fishing Ship ×14 · Unknown (2626) ×12 · Trebuchet (Packed) ×3 · Monk ×2 · Leitis ×2
Feudal
16:19
Castle
34:51
Imperial
—
| APM avg | 18.6 |
| APM peak | 61 |
| eAPM avg | 11.3 |
| Villagers / military | 100 / 0 |
Focus
⚔️ 18.0% · 🌾 82.0%
Fishing Ship ×19
Feudal
13:41
Castle
17:47
Imperial
42:41
| APM avg | 33.8 |
| APM peak | 66 |
| eAPM avg | 15.3 |
| Villagers / military | 137 / 58 |
Focus
⚔️ 19.0% · 🌾 81.0%
Camel Scout ×51 · Knight ×5 · Fishing Ship ×5 · Unknown (2626) ×2 · Trebuchet (Packed) ×2
Feudal
13:40
Castle
22:59
Imperial
44:06
| APM avg | 17.5 |
| APM peak | 52 |
| eAPM avg | 11.9 |
| Villagers / military | 138 / 106 |
Focus
⚔️ 29.9% · 🌾 70.1%
Spearman ×59 · Knight ×39 · Fishing Ship ×16 · Scorpion ×6 · War Elephant ×2
Feudal
15:47
Castle
29:35
Imperial
—
| APM avg | 16.7 |
| APM peak | 40 |
| eAPM avg | 10.1 |
| Villagers / military | 54 / 53 |
Focus
⚔️ 39.1% · 🌾 60.9%
Genoese Crossbowman ×25 · Spearman ×15 · Fishing Ship ×11 · Archer ×8 · Militia ×2 · Mangonel ×1
Feudal
17:43
Castle
31:15
Imperial
—
| APM avg | 12.9 |
| APM peak | 46 |
| eAPM avg | 7.8 |
| Villagers / military | 72 / 15 |
Focus
⚔️ 15.5% · 🌾 84.5%
Fishing Ship ×19 · Militia ×5 · Spearman ×4 · Mangonel ×3 · Battering Ram ×3
Feudal
15:59
Castle
22:05
Imperial
—
| APM avg | 12.6 |
| APM peak | 29 |
| eAPM avg | 8.0 |
| Villagers / military | 65 / 39 |
Focus
⚔️ 38.6% · 🌾 61.4%
Berserk ×24 · Fishing Ship ×13 · Militia ×8 · Spearman ×7
Match map
Initial resources + every placement click. Lines = walls · curves = elevation contours. ◆ gold · ⬟ stone · ● berries · ✦ relic · ◌ wall gap
Your base· Open — unwalled flank
Caterpillar punta de acero's base· Open — 8t gap
Chandler's base· Open — 5t gap
Dedo de Gomero de Elite's base· Open — 7t gap
HakunaPotato's base· Open — 5t gap
Doraso Troncoso de Elite's base· Open — 4t gap
Alisc's base· Open — 11t gap
chin chu lin's base· Open — 6t gap
Smoothed initial terrain · ◌ = detected wall gap · hover for details
Inputs per minute
— Napoleon - - Caterpillar punta de acero
Build order — Napoleon
First 150 of 292 actions detected
| 0:32 | Build | Town Center |
| 3:05 | Create | Villager (Male) |
| 3:05 | Create | Villager (Male) |
| 3:05 | Create | Villager (Male) |
| 3:20 | Create | Villager (Male) |
| 4:36 | Create | Villager (Male) |
| 5:12 | Create | Villager (Male) |
| 5:37 | Create | Villager (Male) |
| 5:50 | Create | Villager (Male) |
| 6:14 | Build | Dock |
| 6:27 | Create | Villager (Male) |
| 6:40 | Create | Villager (Male) |
| 7:08 | Create | Fishing Ship |
| 7:18 | Create | Villager (Male) |
| 7:30 | Create | Fishing Ship |
| 7:54 | Create | Villager (Male) |
| 8:02 | Create | Fishing Ship |
| 8:24 | Create | Villager (Male) |
| 8:26 | Create | Fishing Ship |
| 8:46 | Create | Fishing Ship |
| 8:57 | Create | Villager (Male) |
| 9:22 | Build | Mill |
| 9:27 | Create | Villager (Male) |
| 9:49 | Create | Villager (Male) |
| 9:52 | Create | Fishing Ship |
| 10:22 | Create | Villager (Male) |
| 10:23 | Create | Villager (Male) |
| 10:28 | Create | Fishing Ship |
| 10:34 | Create | Fishing Ship |
| 10:52 | Create | Villager (Male) |
| 11:21 | Create | Villager (Male) |
| 11:42 | Create | Villager (Male) |
| 11:43 | Create | Fishing Ship |
| 12:12 | Build | Farm |
| 12:16 | Create | Villager (Male) |
| 12:18 | Create | Fishing Ship |
| 12:49 | Create | Fishing Ship |
| 12:58 | Create | Villager (Male) |
| 13:22 | Research | Feudal Age |
| 13:22 | Research | Feudal Age |
| 13:29 | Research | Loom |
| 13:41 | Build | Barracks |
| 14:16 | Create | Villager (Male) |
| 14:27 | Build | Palisade Wall |
| 14:52 | Build | Palisade Wall |
| 15:15 | Build | Palisade Wall |
| 15:19 | Build | Palisade Wall |
| 15:33 | Age | Feudal Age |
| 15:36 | Build | Stable |
| 15:59 | Build | Blacksmith |
| 16:11 | Build | Palisade Gate |
| 16:20 | Build | Palisade Wall |
| 16:23 | Build | Palisade Wall |
| 16:29 | Build | Palisade Gate |
| 16:34 | Create | Villager (Male) |
| 16:37 | Create | Villager (Male) |
| 16:40 | Create | Fishing Ship |
| 16:41 | Create | Fishing Ship |
| 16:57 | Build | Stable |
| 17:05 | Research | Castle Age |
| 17:13 | Research | Scale Barding Armor |
| 17:17 | Research | Bloodlines |
| 17:31 | Build | Dock |
| 17:43 | Build | Farm |
| 17:45 | Build | Farm |
| 17:52 | Create | Villager (Male) |
| 17:53 | Create | Villager (Male) |
| 18:03 | Research | Forging |
| 18:11 | Build | Farm |
| 18:12 | Build | Farm |
| 18:26 | Build | Dock |
| 18:29 | Create | Fishing Ship |
| 18:39 | Build | Farm |
| 18:46 | Build | Lumber Camp |
| 19:23 | Research | Wheelbarrow |
| 19:27 | Create | Villager (Male) |
| 19:47 | Age | Castle Age |
| 19:55 | Create | Knight |
| 19:56 | Create | Knight |
| 19:56 | Create | Knight |
| 19:59 | Research | Husbandry |
| 20:00 | Create | Knight |
| 20:00 | Create | Knight |
| 20:04 | Create | Villager (Male) |
| 20:06 | Create | Fishing Ship |
| 20:31 | Build | Town Center |
| 20:43 | Create | Knight |
| 20:43 | Create | Knight |
| 20:49 | Create | Villager (Male) |
| 20:58 | Create | Villager (Male) |
| 21:11 | Create | Fishing Ship |
| 21:11 | Create | Fishing Ship |
| 21:17 | Research | Tech 906 |
| 21:43 | Create | Scout Cavalry |
| 21:43 | Create | Scout Cavalry |
| 21:51 | Create | Knight |
| 21:52 | Create | Knight |
| 22:49 | Research | Chain Barding Armor |
| 23:36 | Create | Villager (Male) |
| 23:36 | Create | Villager (Male) |
| 23:40 | Create | Villager (Male) |
| 23:40 | Create | Villager (Male) |
| 23:51 | Create | Knight |
| 25:08 | Create | Knight |
| 25:09 | Create | Knight |
| 25:09 | Create | Knight |
| 25:09 | Create | Knight |
| 25:10 | Create | Knight |
| 25:12 | Create | Villager (Male) |
| 25:12 | Create | Villager (Male) |
| 25:17 | Build | Farm |
| 25:19 | Build | Farm |
| 25:20 | Build | Farm |
| 25:39 | Build | Farm |
| 25:45 | Build | Farm |
| 25:46 | Build | Farm |
| 25:51 | Create | Knight |
| 25:51 | Create | Knight |
| 26:58 | Create | Knight |
| 26:58 | Create | Knight |
| 26:59 | Create | Knight |
| 27:02 | Create | Villager (Male) |
| 27:02 | Create | Villager (Male) |
| 27:02 | Create | Villager (Male) |
| 27:07 | Build | Farm |
| 27:08 | Build | Farm |
| 27:10 | Build | Farm |
| 27:15 | Research | Town Watch |
| 28:21 | Create | Knight |
| 28:21 | Create | Knight |
| 28:25 | Build | Lumber Camp |
| 28:30 | Build | Mining Camp |
| 28:38 | Build | Lumber Camp |
| 28:39 | Create | Villager (Male) |
| 28:40 | Create | Villager (Male) |
| 28:41 | Research | Hand Cart |
| 28:42 | Create | Villager (Male) |
| 28:43 | Create | Villager (Male) |
| 28:43 | Create | Villager (Male) |
| 29:11 | Create | Knight |
| 29:11 | Create | Knight |
| 29:46 | Build | Castle |
| 29:53 | Build | Mining Camp |
| 31:09 | Create | Villager (Male) |
| 31:09 | Create | Villager (Male) |
| 31:10 | Create | Villager (Male) |
| 31:26 | Create | Fire Galley |
| 31:26 | Create | Fire Galley |
| 31:34 | Create | Fishing Ship |
| 31:34 | Create | Fishing Ship |
Build order — Caterpillar punta de acero
First 150 of 286 actions detected
| 1:01 | Build | Town Center |
| 1:21 | Build | Dock |
| 1:25 | Build | House |
| 3:12 | Create | Villager (Male) ×5 |
| 3:13 | Create | Villager (Male) |
| 4:30 | Create | Fishing Ship |
| 4:41 | Build | House |
| 4:55 | Create | Villager (Male) |
| 5:13 | Create | Fishing Ship |
| 5:49 | Create | Fishing Ship |
| 6:06 | Research | Loom |
| 6:35 | Create | Villager (Male) |
| 6:58 | Create | Fishing Ship |
| 6:58 | Create | Fishing Ship |
| 7:05 | Build | House |
| 7:45 | Create | Villager (Male) |
| 8:06 | Build | House |
| 8:09 | Create | Fishing Ship |
| 8:10 | Create | Fishing Ship |
| 8:10 | Create | Fishing Ship |
| 8:52 | Create | Villager (Male) ×3 |
| 8:52 | Create | Villager (Male) ×3 |
| 9:07 | Create | Fishing Ship |
| 9:31 | Create | Villager (Male) ×3 |
| 9:31 | Create | Villager (Male) ×3 |
| 9:40 | Create | Fishing Ship |
| 9:41 | Create | Fishing Ship |
| 9:57 | Create | Villager (Male) |
| 9:58 | Create | Villager (Male) |
| 9:58 | Create | Villager (Male) |
| 10:25 | Create | Villager (Male) ×4 |
| 10:25 | Create | Villager (Male) ×4 |
| 10:31 | Create | Fishing Ship |
| 10:32 | Create | Fishing Ship |
| 10:40 | Build | House |
| 10:40 | Build | House |
| 11:33 | Build | Lumber Camp |
| 12:15 | Research | Feudal Age |
| 12:31 | Build | Mining Camp |
| 12:47 | Build | Dock |
| 13:39 | Build | House |
| 13:40 | Build | House |
| 13:43 | Create | Fishing Ship |
| 14:33 | Age | Feudal Age |
| 14:39 | Create | Unit 2626 |
| 14:39 | Create | Unit 2626 |
| 14:43 | Create | Unit 2626 |
| 15:01 | Create | Unit 2626 |
| 15:09 | Research | Double-Bit Axe |
| 15:20 | Create | Villager (Male) |
| 15:21 | Create | Villager (Male) |
| 15:21 | Create | Villager (Male) |
| 15:21 | Create | Villager (Male) |
| 15:21 | Create | Villager (Male) |
| 15:22 | Create | Villager (Male) |
| 15:22 | Create | Villager (Male) |
| 15:42 | Create | Unit 2626 |
| 15:57 | Create | Unit 2626 |
| 16:59 | Build | Blacksmith |
| 17:10 | Build | Mill |
| 17:13 | Create | Villager (Male) |
| 17:14 | Create | Villager (Male) |
| 17:14 | Create | Villager (Male) |
| 17:14 | Create | Villager (Male) |
| 17:44 | Build | Market |
| 18:43 | Build | Mining Camp |
| 18:49 | Research | Castle Age |
| 19:04 | Build | House |
| 19:05 | Build | House |
| 20:17 | Build | Dock |
| 20:23 | Create | Unit 2626 |
| 20:23 | Create | Unit 2626 |
| 20:28 | Create | Unit 2626 |
| 20:29 | Create | Unit 2626 |
| 21:19 | Build | House |
| 21:20 | Build | House |
| 21:22 | Create | Unit 2626 |
| 21:22 | Create | Unit 2626 |
| 21:46 | Age | Castle Age |
| 21:57 | Create | Villager (Male) ×5 |
| 22:07 | Build | Town Center |
| 22:21 | Build | Town Center |
| 22:36 | Build | Town Center |
| 22:55 | Build | Town Center |
| 23:24 | Build | House |
| 23:24 | Build | House |
| 24:27 | Create | Villager (Male) |
| 24:28 | Create | Villager (Male) |
| 24:28 | Create | Villager (Male) |
| 24:28 | Create | Villager (Male) |
| 24:28 | Create | Villager (Male) |
| 24:29 | Create | Villager (Male) |
| 24:29 | Create | Villager (Male) |
| 24:30 | Create | Villager (Male) |
| 24:30 | Create | Villager (Male) |
| 24:30 | Create | Villager (Male) |
| 24:31 | Create | Villager (Male) |
| 24:31 | Create | Villager (Male) |
| 24:31 | Create | Villager (Male) |
| 24:32 | Create | Villager (Male) |
| 24:32 | Create | Villager (Male) |
| 24:33 | Create | Villager (Male) |
| 24:33 | Create | Villager (Male) |
| 24:34 | Create | Villager (Male) |
| 24:38 | Research | Horse Collar |
| 24:42 | Research | Bow Saw |
| 24:51 | Build | House |
| 24:52 | Build | House |
| 25:31 | Build | Monastery |
| 26:58 | Create | Villager (Male) |
| 26:58 | Create | Villager (Male) |
| 26:59 | Create | Villager (Male) |
| 26:59 | Create | Villager (Male) |
| 26:59 | Create | Villager (Male) |
| 27:00 | Create | Villager (Male) |
| 27:00 | Create | Villager (Male) |
| 27:00 | Create | Villager (Male) |
| 27:00 | Create | Villager (Male) |
| 27:01 | Create | Villager (Male) |
| 27:01 | Create | Villager (Male) |
| 27:01 | Create | Villager (Male) |
| 27:02 | Create | Villager (Male) |
| 27:02 | Create | Villager (Male) |
| 27:02 | Create | Villager (Male) |
| 27:03 | Create | Villager (Male) |
| 27:03 | Create | Villager (Male) |
| 27:57 | Build | Castle |
| 28:08 | Build | Farm |
| 28:09 | Build | Farm |
| 28:09 | Build | Farm |
| 28:10 | Build | Farm |
| 28:10 | Build | Farm |
| 28:10 | Build | Farm |
| 28:11 | Build | Farm |
| 28:11 | Build | Farm |
| 28:13 | Build | Farm |
| 28:25 | Build | Farm |
| 28:25 | Build | Farm |
| 28:25 | Build | Farm |
| 28:26 | Build | Farm |
| 28:27 | Build | Farm |
| 28:28 | Build | Farm |
| 28:30 | Research | Heavy Plow |
| 28:55 | Build | Barracks |
| 29:16 | Build | Mill |
| 29:27 | Research | Imperial Age |
| 29:48 | Build | Stable |
| 29:54 | Build | Stable |
| 29:55 | Build | Stable |
| 30:04 | Research | Wheelbarrow |
Build order — Chandler
First 150 of 211 actions detected
| 1:18 | Build | Town Center |
| 4:27 | Research | Loom |
| 5:14 | Create | Villager (Male) |
| 5:15 | Create | Villager (Male) |
| 6:00 | Create | Villager (Male) |
| 6:01 | Create | Villager (Male) |
| 6:10 | Build | Lumber Camp |
| 6:55 | Create | Villager (Male) |
| 7:21 | Create | Villager (Male) |
| 8:30 | Create | Villager (Male) |
| 8:30 | Create | Villager (Male) |
| 8:30 | Create | Villager (Male) |
| 8:30 | Create | Villager (Male) |
| 8:55 | Create | Villager (Male) |
| 8:55 | Create | Villager (Male) |
| 9:03 | Build | House |
| 9:48 | Create | Villager (Male) |
| 9:48 | Create | Villager (Male) |
| 10:31 | Build | House |
| 10:51 | Create | Villager (Male) |
| 10:55 | Build | Palisade Wall |
| 11:00 | Build | Palisade Wall |
| 11:24 | Create | Villager (Male) |
| 11:24 | Create | Villager (Male) |
| 12:43 | Build | Mill |
| 12:54 | Create | Villager (Male) |
| 12:55 | Create | Villager (Male) |
| 12:55 | Create | Villager (Male) |
| 13:26 | Create | Villager (Male) |
| 13:53 | Research | Feudal Age |
| 14:32 | Build | Mining Camp |
| 14:42 | Build | House |
| 15:11 | Build | House |
| 15:18 | Build | Palisade Wall |
| 15:19 | Build | Palisade Wall |
| 15:19 | Build | Palisade Wall |
| 15:20 | Build | Palisade Wall |
| 15:27 | Build | Palisade Wall |
| 15:30 | Build | Palisade Wall |
| 15:36 | Build | Palisade Wall |
| 15:42 | Build | Outpost |
| 15:47 | Create | Villager (Male) |
| 15:47 | Create | Villager (Male) |
| 16:19 | Age | Feudal Age |
| 16:24 | Build | Watch Tower |
| 16:30 | Create | Villager (Male) |
| 16:30 | Create | Villager (Male) |
| 16:44 | Build | House |
| 16:49 | Build | House |
| 17:15 | Create | Villager (Male) |
| 17:16 | Create | Villager (Male) |
| 17:29 | Build | Mining Camp |
| 17:30 | Create | Villager (Male) |
| 17:31 | Create | Villager (Male) |
| 18:41 | Create | Villager (Male) |
| 18:41 | Create | Villager (Male) |
| 19:02 | Build | Watch Tower |
| 19:29 | Create | Villager (Male) |
| 19:29 | Create | Villager (Male) |
| 19:50 | Create | Villager (Male) |
| 19:50 | Create | Villager (Male) |
| 19:56 | Build | Dock |
| 20:55 | Create | Villager (Male) |
| 20:55 | Create | Villager (Male) |
| 20:58 | Build | Farm |
| 21:29 | Build | Watch Tower |
| 21:42 | Build | House |
| 21:51 | Build | Farm |
| 21:53 | Build | Farm |
| 21:55 | Create | Villager (Male) |
| 22:37 | Build | Watch Tower |
| 22:40 | Build | House |
| 22:58 | Build | Mining Camp |
| 23:13 | Build | Blacksmith |
| 23:16 | Create | Fishing Ship |
| 23:16 | Create | Fishing Ship |
| 23:19 | Create | Fishing Ship |
| 23:28 | Build | House |
| 23:36 | Build | Watch Tower |
| 23:41 | Create | Villager (Male) |
| 23:41 | Create | Villager (Male) |
| 24:00 | Build | House |
| 24:29 | Build | House |
| 24:37 | Build | Market |
| 24:44 | Create | Villager (Male) |
| 24:54 | Create | Fishing Ship |
| 24:54 | Create | Fishing Ship |
| 25:49 | Build | Watch Tower |
| 26:01 | Build | House |
| 26:09 | Build | House |
| 26:12 | Build | House |
| 26:16 | Build | Palisade Wall |
| 26:27 | Create | Villager (Male) |
| 26:27 | Create | Villager (Male) |
| 26:47 | Create | Fishing Ship |
| 26:47 | Create | Fishing Ship |
| 27:06 | Build | House |
| 27:10 | Build | Palisade Wall |
| 28:31 | Build | Watch Tower |
| 30:15 | Build | Lumber Camp |
| 30:40 | Create | Fishing Ship |
| 31:29 | Build | Lumber Camp |
| 32:03 | Build | Dock |
| 32:06 | Create | Fishing Ship |
| 32:07 | Create | Fishing Ship |
| 32:11 | Research | Castle Age |
| 32:40 | Create | Villager (Male) |
| 32:40 | Create | Villager (Male) |
| 32:54 | Create | Villager (Male) |
| 33:46 | Build | Outpost |
| 34:51 | Age | Castle Age |
| 35:16 | Build | Castle |
| 35:36 | Create | Villager (Male) |
| 35:36 | Create | Villager (Male) |
| 35:48 | Create | Fishing Ship |
| 35:48 | Create | Fishing Ship |
| 36:37 | Create | Villager (Male) |
| 36:37 | Create | Villager (Male) |
| 37:06 | Build | Town Center |
| 38:05 | Build | Town Center |
| 38:34 | Create | Fishing Ship |
| 38:34 | Create | Fishing Ship |
| 38:44 | Create | Villager (Male) |
| 38:45 | Create | Villager (Male) |
| 38:45 | Create | Villager (Male) |
| 39:43 | Create | Villager (Male) |
| 39:54 | Build | Town Center |
| 40:08 | Build | Town Center |
| 40:11 | Create | Villager (Male) |
| 40:11 | Create | Villager (Male) |
| 40:59 | Create | Villager (Male) |
| 41:00 | Create | Villager (Male) |
| 41:06 | Research | Double-Bit Axe |
| 41:27 | Build | Stone Wall |
| 41:37 | Create | Villager (Male) |
| 41:37 | Create | Villager (Male) |
| 41:41 | Research | Fletching |
| 41:47 | Create | Villager (Male) |
| 41:47 | Create | Villager (Male) |
| 42:00 | Build | House |
| 42:18 | Build | Town Center |
| 42:21 | Create | Villager (Male) |
| 42:21 | Create | Villager (Male) |
| 42:21 | Create | Villager (Male) |
| 42:40 | Create | Villager (Male) |
| 42:40 | Create | Villager (Male) |
| 42:42 | Create | Villager (Male) |
| 42:42 | Create | Villager (Male) |
| 42:55 | Create | Villager (Male) |
| 42:55 | Create | Villager (Male) |
Build order — Dedo de Gomero de Elite
First 150 of 298 actions detected
| 0:22 | Build | Town Center |
| 2:18 | Build | Dock |
| 2:22 | Build | House |
| 2:45 | Create | Villager (Male) |
| 2:45 | Create | Villager (Male) |
| 2:46 | Create | Villager (Male) |
| 2:46 | Create | Villager (Male) |
| 2:46 | Create | Villager (Male) |
| 2:47 | Create | Villager (Male) |
| 3:31 | Create | Fishing Ship |
| 4:26 | Research | Loom |
| 4:29 | Create | Fishing Ship |
| 4:41 | Build | House |
| 5:06 | Create | Fishing Ship |
| 5:18 | Build | House |
| 5:49 | Create | Villager (Male) |
| 5:49 | Create | Villager (Male) |
| 5:50 | Create | Villager (Male) |
| 6:20 | Create | Villager (Male) |
| 6:20 | Create | Villager (Male) |
| 6:23 | Create | Fishing Ship |
| 6:50 | Create | Villager (Male) |
| 6:50 | Create | Villager (Male) |
| 6:54 | Create | Fishing Ship |
| 7:18 | Create | Villager (Male) |
| 7:19 | Create | Villager (Male) |
| 7:57 | Create | Villager (Male) |
| 7:57 | Create | Villager (Male) |
| 8:02 | Create | Villager (Male) |
| 8:02 | Create | Villager (Male) |
| 8:02 | Create | Villager (Male) |
| 8:23 | Build | House |
| 9:01 | Create | Villager (Male) |
| 9:01 | Create | Villager (Male) |
| 9:01 | Create | Villager (Male) |
| 9:02 | Create | Villager (Male) |
| 9:26 | Create | Villager (Male) |
| 9:28 | Create | Villager (Male) |
| 9:48 | Build | Mill |
| 10:00 | Build | Mining Camp |
| 11:14 | Create | Villager (Male) |
| 11:14 | Create | Villager (Male) |
| 11:24 | Research | Feudal Age |
| 11:41 | Build | House |
| 12:43 | Build | House |
| 13:41 | Age | Feudal Age |
| 13:43 | Create | Unit 2626 |
| 13:44 | Create | Unit 2626 |
| 13:50 | Create | Villager (Male) |
| 13:50 | Create | Villager (Male) |
| 14:02 | Build | Market |
| 14:09 | Build | Blacksmith |
| 14:19 | Create | Villager (Male) |
| 15:22 | Research | Castle Age |
| 16:19 | Research | Forging |
| 17:01 | Build | Barracks |
| 17:16 | Research | Scale Barding Armor |
| 17:38 | Build | Stable |
| 17:43 | Build | House |
| 17:47 | Age | Castle Age |
| 17:48 | Create | Villager (Male) |
| 17:48 | Create | Villager (Male) |
| 18:19 | Create | Knight |
| 18:35 | Create | Knight |
| 18:36 | Create | Knight |
| 18:39 | Create | Villager (Male) |
| 18:39 | Create | Villager (Male) |
| 18:40 | Create | Villager (Male) |
| 18:40 | Create | Villager (Male) |
| 18:40 | Create | Villager (Male) |
| 19:17 | Research | Bloodlines |
| 19:24 | Create | Villager (Male) |
| 19:30 | Build | House |
| 19:38 | Create | Knight |
| 19:42 | Research | Bloodlines |
| 19:59 | Build | Town Center |
| 20:24 | Create | Knight |
| 20:27 | Create | Villager (Male) |
| 20:28 | Create | Villager (Male) |
| 20:28 | Create | Villager (Male) |
| 20:28 | Create | Villager (Male) |
| 20:28 | Create | Villager (Male) |
| 20:34 | Build | Farm |
| 20:36 | Build | Farm |
| 21:07 | Build | Farm |
| 21:27 | Build | Farm |
| 21:29 | Create | Villager (Male) |
| 21:47 | Research | Husbandry |
| 21:59 | Create | Villager (Male) |
| 21:59 | Create | Villager (Male) |
| 21:59 | Create | Villager (Male) |
| 22:00 | Create | Villager (Male) |
| 22:04 | Build | Farm |
| 22:06 | Build | Farm |
| 22:14 | Create | Villager (Male) |
| 22:14 | Create | Villager (Male) |
| 22:15 | Create | Villager (Male) |
| 22:15 | Create | Villager (Male) |
| 22:45 | Build | Farm |
| 22:49 | Create | Villager (Male) |
| 22:49 | Create | Villager (Male) |
| 22:50 | Create | Villager (Male) |
| 22:50 | Create | Villager (Male) |
| 22:50 | Create | Villager (Male) |
| 22:52 | Build | House |
| 22:53 | Build | House |
| 23:23 | Create | Camel Scout |
| 23:23 | Create | Camel Scout |
| 23:23 | Create | Camel Scout |
| 23:23 | Create | Camel Scout |
| 23:24 | Create | Camel Scout |
| 24:55 | Create | Camel Scout |
| 24:55 | Create | Camel Scout |
| 24:55 | Create | Camel Scout |
| 25:36 | Build | House |
| 25:36 | Build | House |
| 25:46 | Create | Villager (Male) |
| 25:46 | Create | Villager (Male) |
| 25:46 | Create | Villager (Male) |
| 25:47 | Create | Villager (Male) |
| 26:38 | Create | Villager (Male) |
| 26:38 | Create | Villager (Male) |
| 26:39 | Create | Villager (Male) |
| 27:15 | Create | Camel Scout |
| 27:15 | Create | Camel Scout |
| 27:15 | Create | Camel Scout |
| 27:15 | Create | Camel Scout |
| 27:15 | Create | Camel Scout |
| 28:16 | Create | Camel Scout |
| 28:16 | Create | Camel Scout |
| 29:11 | Build | Castle |
| 29:16 | Create | Villager (Male) |
| 29:16 | Create | Villager (Male) |
| 29:16 | Create | Villager (Male) |
| 29:16 | Create | Villager (Male) |
| 30:25 | Build | Farm |
| 30:28 | Create | Villager (Male) |
| 30:28 | Create | Villager (Male) |
| 30:28 | Create | Villager (Male) |
| 30:41 | Build | Town Center |
| 30:47 | Create | Villager (Male) |
| 30:47 | Create | Villager (Male) |
| 30:47 | Create | Villager (Male) |
| 30:48 | Create | Villager (Male) |
| 31:35 | Create | Villager (Male) |
| 31:35 | Create | Villager (Male) |
| 31:35 | Create | Villager (Male) |
| 32:45 | Create | Camel Scout |
| 32:45 | Create | Camel Scout |
| 32:45 | Create | Camel Scout |
Build order — HakunaPotato
First 150 of 337 actions detected
| 1:01 | Build | Town Center |
| 1:09 | Build | House |
| 1:16 | Build | Dock |
| 1:27 | Build | Dock |
| 3:23 | Create | Villager (Male) |
| 3:23 | Create | Villager (Male) |
| 3:23 | Create | Villager (Male) |
| 3:58 | Create | Fishing Ship |
| 4:02 | Create | Villager (Male) |
| 4:02 | Create | Villager (Male) |
| 4:51 | Create | Fishing Ship |
| 4:53 | Create | Villager (Male) |
| 5:26 | Build | House |
| 5:56 | Create | Villager (Male) |
| 6:02 | Create | Fishing Ship |
| 6:20 | Create | Villager (Male) |
| 6:32 | Build | House |
| 6:49 | Create | Villager (Male) |
| 7:09 | Create | Fishing Ship |
| 7:11 | Create | Villager (Male) |
| 7:11 | Create | Villager (Male) |
| 7:30 | Create | Villager (Male) |
| 7:40 | Create | Fishing Ship |
| 8:08 | Build | House |
| 8:09 | Create | Villager (Male) |
| 8:10 | Create | Villager (Male) |
| 8:32 | Create | Villager (Male) |
| 8:36 | Create | Villager (Male) |
| 8:46 | Build | House |
| 8:48 | Create | Fishing Ship |
| 8:49 | Create | Villager (Male) |
| 9:07 | Create | Fishing Ship |
| 9:34 | Create | Villager (Male) |
| 9:34 | Create | Villager (Male) |
| 9:48 | Build | House |
| 9:51 | Create | Fishing Ship |
| 9:52 | Create | Villager (Male) |
| 9:59 | Research | Loom |
| 10:27 | Build | House |
| 10:37 | Create | Fishing Ship |
| 10:48 | Create | Villager (Male) |
| 10:49 | Create | Villager (Male) |
| 11:03 | Build | Lumber Camp |
| 11:27 | Research | Feudal Age |
| 11:37 | Create | Fishing Ship |
| 12:04 | Create | Villager (Male) |
| 12:04 | Create | Villager (Male) |
| 12:05 | Create | Villager (Male) |
| 12:21 | Create | Villager (Male) |
| 12:21 | Create | Villager (Male) |
| 12:21 | Create | Villager (Male) |
| 12:27 | Create | Fishing Ship |
| 12:28 | Create | Fishing Ship |
| 12:30 | Create | Villager (Male) |
| 12:30 | Create | Villager (Male) |
| 12:56 | Create | Fishing Ship |
| 13:26 | Build | Mill |
| 13:40 | Age | Feudal Age |
| 13:56 | Build | House |
| 13:58 | Build | House |
| 14:00 | Create | Villager (Male) |
| 14:25 | Create | Villager (Male) |
| 14:32 | Build | Barracks |
| 14:48 | Create | Villager (Male) |
| 14:49 | Create | Villager (Male) |
| 14:54 | Create | Villager (Male) |
| 14:55 | Create | Villager (Male) |
| 15:00 | Research | Double-Bit Axe |
| 15:03 | Research | Horse Collar |
| 15:14 | Create | Villager (Male) |
| 15:21 | Create | Villager (Male) |
| 15:26 | Build | House |
| 15:28 | Build | House |
| 15:29 | Build | House |
| 15:57 | Create | Fishing Ship |
| 15:58 | Create | Fishing Ship |
| 15:58 | Create | Fishing Ship |
| 16:24 | Build | Stable |
| 17:01 | Build | House |
| 17:18 | Create | Villager (Male) |
| 17:22 | Research | Wheelbarrow |
| 17:28 | Create | Villager (Male) |
| 17:28 | Create | Villager (Male) |
| 17:28 | Create | Villager (Male) |
| 17:33 | Build | Mining Camp |
| 17:35 | Build | Farm |
| 17:39 | Build | House |
| 17:48 | Build | House |
| 17:50 | Build | House |
| 17:52 | Create | Villager (Male) |
| 17:53 | Create | Villager (Male) |
| 17:56 | Build | Farm |
| 17:57 | Create | Villager (Male) |
| 18:09 | Research | Wheelbarrow |
| 18:52 | Build | Farm |
| 19:20 | Build | Farm |
| 19:21 | Build | Farm |
| 19:21 | Build | Farm |
| 19:21 | Build | Farm |
| 19:21 | Build | Farm |
| 19:22 | Build | Farm |
| 19:48 | Create | Villager (Male) |
| 19:49 | Create | Villager (Male) |
| 19:53 | Build | Blacksmith |
| 20:18 | Research | Castle Age |
| 20:56 | Research | Gold Mining |
| 21:01 | Research | Bloodlines |
| 21:25 | Build | House |
| 21:29 | Build | Palisade Wall |
| 21:38 | Build | Stable |
| 22:14 | Create | Villager (Male) |
| 22:14 | Create | Villager (Male) |
| 22:17 | Research | Forging |
| 22:17 | Research | Scale Barding Armor |
| 22:24 | Build | Mill |
| 22:42 | Build | House |
| 22:45 | Build | House |
| 22:50 | Build | House |
| 22:59 | Age | Castle Age |
| 23:05 | Create | Villager (Male) |
| 23:05 | Create | Villager (Male) |
| 23:19 | Build | Town Center |
| 23:32 | Create | Villager (Male) |
| 23:34 | Create | Villager (Male) |
| 23:35 | Create | Knight ×4 |
| 23:58 | Create | Villager (Male) |
| 24:35 | Create | Villager (Male) |
| 24:35 | Create | Villager (Male) |
| 24:55 | Create | Villager (Male) |
| 25:23 | Create | Villager (Male) |
| 25:41 | Create | Villager (Male) |
| 26:19 | Create | Villager (Male) |
| 26:20 | Create | Villager (Male) |
| 26:20 | Create | Villager (Male) |
| 26:21 | Create | Villager (Male) |
| 26:22 | Create | Villager (Male) |
| 26:34 | Create | Villager (Male) |
| 26:34 | Create | Villager (Male) |
| 26:39 | Create | Villager (Male) |
| 26:39 | Create | Villager (Male) |
| 26:51 | Create | Spearman |
| 26:53 | Create | Spearman |
| 27:16 | Create | Villager (Male) |
| 27:42 | Create | Spearman |
| 27:43 | Create | Spearman |
| 27:51 | Create | Villager (Male) |
| 27:51 | Create | Villager (Male) |
| 27:58 | Create | Villager (Male) |
| 27:59 | Create | Villager (Male) |
| 28:21 | Create | Villager (Male) |
Build order — Doraso Troncoso de Elite
143 actions detected in the replay
| 0:18 | Build | House |
| 0:23 | Build | Town Center |
| 1:23 | Build | Palisade Wall |
| 1:26 | Build | Palisade Wall |
| 1:28 | Build | Palisade Wall |
| 1:30 | Build | Palisade Wall |
| 1:34 | Build | Palisade Wall |
| 1:40 | Build | Palisade Wall |
| 1:47 | Build | Palisade Wall |
| 1:56 | Build | Palisade Wall |
| 2:50 | Create | Villager (Male) ×4 |
| 3:11 | Build | Dock |
| 3:32 | Research | Loom |
| 4:22 | Create | Fishing Ship |
| 4:56 | Create | Fishing Ship |
| 5:15 | Build | House |
| 5:22 | Build | Palisade Wall |
| 5:43 | Build | Palisade Wall |
| 5:45 | Build | Palisade Wall |
| 5:46 | Build | Palisade Wall |
| 6:08 | Create | Fishing Ship |
| 6:26 | Create | Villager (Male) |
| 6:35 | Build | House |
| 6:50 | Build | Palisade Wall |
| 6:58 | Build | Palisade Wall |
| 7:08 | Create | Fishing Ship |
| 7:16 | Build | Palisade Wall |
| 7:45 | Create | Fishing Ship |
| 7:46 | Create | Villager (Male) |
| 8:27 | Build | Palisade Wall |
| 8:50 | Build | House |
| 9:03 | Build | House |
| 9:09 | Create | Fishing Ship |
| 9:19 | Create | Villager (Male) ×3 |
| 9:36 | Create | Villager (Male) |
| 9:41 | Create | Fishing Ship |
| 9:53 | Build | House |
| 10:18 | Build | Palisade Wall |
| 10:26 | Create | Villager (Male) ×2 |
| 10:28 | Create | Fishing Ship |
| 11:41 | Build | House |
| 12:03 | Build | Mill |
| 12:32 | Build | House |
| 13:12 | Create | Villager (Male) |
| 13:20 | Create | Fishing Ship |
| 13:20 | Create | Fishing Ship |
| 13:20 | Create | Fishing Ship |
| 13:32 | Build | House |
| 13:36 | Research | Feudal Age |
| 14:14 | Build | Palisade Wall |
| 14:32 | Build | Palisade Wall |
| 15:28 | Build | Barracks |
| 15:33 | Create | Villager (Male) ×5 |
| 15:47 | Age | Feudal Age |
| 15:59 | Create | Fire Galley |
| 16:32 | Build | Watch Tower |
| 16:39 | Create | Spearman |
| 16:57 | Build | House |
| 16:59 | Create | Villager (Male) |
| 18:09 | Create | Villager (Male) |
| 18:10 | Create | Villager (Male) |
| 18:10 | Create | Villager (Male) |
| 18:10 | Create | Villager (Male) |
| 18:10 | Create | Villager (Male) |
| 18:10 | Create | Villager (Male) |
| 18:26 | Create | Militia |
| 18:46 | Create | Militia |
| 19:14 | Create | Villager (Male) |
| 19:14 | Create | Villager (Male) |
| 19:15 | Create | Villager (Male) |
| 20:33 | Build | Lumber Camp |
| 21:36 | Build | Mining Camp |
| 22:06 | Create | Villager (Male) |
| 22:44 | Build | Blacksmith |
| 23:39 | Research | Fletching |
| 23:40 | Research | Padded Archer Armor |
| 24:08 | Research | Stone Mining |
| 25:16 | Build | House |
| 25:31 | Build | House |
| 25:41 | Build | Stone Wall |
| 26:32 | Build | Archery Range |
| 26:55 | Research | Castle Age |
| 26:57 | Research | Scale Mail Armor |
| 26:57 | Research | Forging |
| 27:02 | Create | Spearman |
| 27:02 | Create | Spearman |
| 27:02 | Create | Spearman |
| 27:07 | Create | Spearman |
| 27:07 | Create | Spearman |
| 27:38 | Create | Archer ×5 |
| 28:55 | Build | Market |
| 29:35 | Build | House |
| 29:35 | Age | Castle Age |
| 29:36 | Build | House |
| 29:40 | Build | House |
| 29:44 | Research | Crossbowman (upgrade) |
| 30:22 | Research | Pikeman (upgrade) |
| 30:25 | Research | Bodkin Arrow |
| 30:29 | Create | Archer |
| 30:29 | Create | Archer |
| 30:30 | Create | Archer |
| 30:33 | Create | Spearman |
| 30:33 | Create | Spearman |
| 30:33 | Create | Spearman |
| 30:34 | Create | Spearman |
| 30:34 | Create | Spearman |
| 30:49 | Build | Siege Workshop |
| 31:00 | Create | Villager (Male) ×5 |
| 31:53 | Build | Castle |
| 33:44 | Create | Villager (Male) ×5 |
| 33:44 | Create | Villager (Male) ×2 |
| 34:45 | Create | Mangonel |
| 34:54 | Create | Villager (Male) ×2 |
| 36:38 | Create | Battering Ram |
| 37:22 | Create | Spearman ×4 |
| 40:27 | Create | Genoese Crossbowman |
| 40:27 | Create | Genoese Crossbowman |
| 41:17 | Create | Genoese Crossbowman ×3 |
| 41:17 | Create | Genoese Crossbowman ×3 |
| 43:07 | Create | Villager (Male) ×5 |
| 44:57 | Create | Genoese Crossbowman |
| 44:58 | Create | Genoese Crossbowman |
| 44:58 | Create | Genoese Crossbowman |
| 44:58 | Create | Genoese Crossbowman |
| 44:58 | Create | Genoese Crossbowman |
| 44:59 | Create | Genoese Crossbowman |
| 44:59 | Create | Genoese Crossbowman |
| 44:59 | Create | Genoese Crossbowman |
| 44:59 | Create | Genoese Crossbowman |
| 46:21 | Build | Lumber Camp |
| 46:57 | Create | Villager (Male) |
| 46:57 | Create | Villager (Male) |
| 46:58 | Create | Villager (Male) |
| 47:19 | Create | Genoese Crossbowman |
| 47:20 | Create | Genoese Crossbowman |
| 47:20 | Create | Genoese Crossbowman |
| 48:32 | Research | Leather Archer Armor |
| 48:44 | Build | University |
| 49:00 | Create | Genoese Crossbowman ×5 |
| 49:29 | Create | Villager (Male) |
| 49:29 | Create | Villager (Male) |
| 49:29 | Create | Villager (Male) |
| 49:34 | Research | Ballistics |
Build order — Alisc
First 150 of 162 actions detected
| 1:58 | Build | Town Center |
| 2:31 | Build | Dock |
| 3:41 | Build | House |
| 4:45 | Create | Villager (Male) |
| 4:45 | Create | Villager (Male) |
| 4:46 | Create | Villager (Male) |
| 4:46 | Create | Villager (Male) |
| 5:19 | Create | Villager (Male) |
| 6:52 | Create | Villager (Male) |
| 6:54 | Create | Villager (Male) |
| 7:02 | Build | House |
| 7:11 | Create | Villager (Male) |
| 7:57 | Create | Villager (Male) |
| 8:25 | Create | Fishing Ship |
| 8:45 | Create | Villager (Male) |
| 8:53 | Build | House |
| 9:00 | Create | Villager (Male) |
| 9:12 | Create | Fishing Ship |
| 9:29 | Build | House |
| 9:36 | Create | Villager (Male) |
| 9:41 | Create | Fishing Ship |
| 10:16 | Create | Villager (Male) |
| 10:29 | Create | Fishing Ship |
| 10:50 | Create | Villager (Male) |
| 11:26 | Create | Villager (Male) |
| 11:30 | Create | Villager (Male) |
| 11:32 | Create | Fishing Ship |
| 12:07 | Create | Villager (Male) |
| 12:36 | Create | Villager (Male) |
| 12:47 | Research | Loom |
| 12:52 | Build | House |
| 12:54 | Build | House |
| 12:56 | Build | House |
| 12:59 | Create | Fishing Ship |
| 12:59 | Create | Fishing Ship |
| 13:26 | Create | Villager (Male) |
| 13:52 | Create | Villager (Male) |
| 14:18 | Create | Villager (Male) |
| 14:27 | Build | Dock |
| 14:36 | Create | Fishing Ship |
| 14:47 | Build | Mill |
| 15:08 | Create | Villager (Male) |
| 15:15 | Build | Mining Camp |
| 15:25 | Research | Feudal Age |
| 16:02 | Create | Villager (Male) |
| 16:18 | Create | Fishing Ship |
| 16:19 | Create | Fishing Ship |
| 16:38 | Create | Fishing Ship |
| 16:39 | Create | Fishing Ship |
| 17:30 | Build | Barracks |
| 17:43 | Age | Feudal Age |
| 17:45 | Create | Villager (Male) |
| 17:53 | Research | Horse Collar |
| 18:02 | Create | Fishing Ship |
| 18:03 | Create | Fishing Ship |
| 18:04 | Create | Fishing Ship |
| 18:04 | Create | Fishing Ship |
| 18:27 | Build | Archery Range |
| 18:31 | Build | Stable |
| 18:34 | Research | Man-at-Arms (upgrade) |
| 18:35 | Create | Militia |
| 18:35 | Create | Militia |
| 18:35 | Create | Militia |
| 18:36 | Create | Militia |
| 18:36 | Create | Militia |
| 18:44 | Create | Villager (Male) |
| 18:48 | Build | House |
| 18:50 | Build | House |
| 18:51 | Build | House |
| 18:52 | Build | House |
| 19:11 | Build | Watch Tower |
| 19:19 | Create | Villager (Male) |
| 19:29 | Create | Fishing Ship |
| 19:31 | Create | Fishing Ship |
| 19:31 | Create | Fishing Ship |
| 21:18 | Create | Villager (Male) |
| 21:19 | Create | Villager (Male) |
| 21:49 | Build | Watch Tower |
| 22:08 | Create | Villager (Male) |
| 22:09 | Create | Villager (Male) |
| 23:34 | Create | Spearman |
| 23:34 | Create | Spearman |
| 23:35 | Create | Spearman |
| 23:35 | Create | Spearman |
| 23:46 | Create | Villager (Male) |
| 23:46 | Create | Villager (Male) |
| 24:38 | Build | Dock |
| 24:49 | Build | Farm |
| 24:49 | Build | Farm |
| 24:49 | Build | Farm |
| 24:50 | Build | Farm |
| 24:51 | Build | Farm |
| 24:52 | Build | Farm |
| 24:54 | Create | Villager (Male) |
| 24:55 | Create | Villager (Male) |
| 25:17 | Build | Farm |
| 25:18 | Build | Farm |
| 25:26 | Create | Villager (Male) |
| 25:48 | Create | Villager (Male) |
| 26:14 | Create | Villager (Male) |
| 26:41 | Build | Farm |
| 26:42 | Build | Farm |
| 26:44 | Build | Farm |
| 26:45 | Build | Farm |
| 27:00 | Create | Villager (Male) |
| 27:26 | Create | Villager (Male) |
| 27:31 | Build | Farm |
| 28:25 | Build | Barracks |
| 28:35 | Research | Castle Age |
| 29:29 | Build | Barracks |
| 29:34 | Build | Farm |
| 30:41 | Build | Lumber Camp |
| 31:15 | Age | Castle Age |
| 31:20 | Create | Villager (Male) |
| 31:21 | Create | Villager (Male) |
| 31:21 | Create | Villager (Male) |
| 31:21 | Create | Villager (Male) |
| 31:22 | Create | Villager (Male) |
| 31:30 | Build | Town Center |
| 32:18 | Build | Castle |
| 33:34 | Create | Villager (Male) |
| 33:34 | Create | Villager (Male) |
| 33:35 | Create | Villager (Male) |
| 33:35 | Create | Villager (Male) |
| 33:53 | Create | Villager (Male) |
| 33:53 | Create | Villager (Male) |
| 34:04 | Create | Villager (Male) |
| 34:05 | Create | Villager (Male) |
| 34:35 | Build | Town Center |
| 35:59 | Create | Villager (Male) |
| 36:26 | Create | Villager (Male) |
| 36:27 | Create | Villager (Male) |
| 36:27 | Create | Villager (Male) |
| 36:40 | Create | Villager (Male) |
| 36:40 | Create | Villager (Male) |
| 36:48 | Create | Villager (Male) |
| 37:23 | Create | Villager (Male) |
| 37:23 | Create | Villager (Male) |
| 37:23 | Create | Villager (Male) |
| 37:24 | Create | Villager (Male) |
| 37:58 | Build | Blacksmith |
| 38:07 | Build | Mining Camp |
| 38:46 | Build | Siege Workshop |
| 38:47 | Create | Villager (Male) |
| 38:56 | Research | Stone Mining |
| 38:57 | Research | Gold Mining |
| 39:29 | Create | Battering Ram |
| 39:29 | Create | Battering Ram |
| 39:34 | Create | Villager (Male) |
| 40:11 | Create | Battering Ram |
Build order — chin chu lin
First 150 of 165 actions detected
| 1:27 | Build | Town Center |
| 2:30 | Build | Dock |
| 2:35 | Build | House |
| 4:16 | Research | Loom |
| 4:17 | Create | Villager (Male) |
| 4:17 | Create | Villager (Male) |
| 4:17 | Create | Villager (Male) |
| 4:18 | Create | Villager (Male) |
| 4:18 | Create | Villager (Male) |
| 5:16 | Create | Fishing Ship |
| 5:59 | Create | Villager (Male) |
| 6:41 | Create | Villager (Male) |
| 6:41 | Create | Villager (Male) |
| 6:41 | Create | Villager (Male) |
| 7:00 | Create | Villager (Male) |
| 7:00 | Create | Villager (Male) |
| 7:25 | Build | House |
| 8:35 | Create | Villager (Male) |
| 8:35 | Create | Villager (Male) |
| 8:36 | Create | Villager (Male) |
| 8:36 | Create | Villager (Male) |
| 10:08 | Build | House |
| 10:21 | Create | Villager (Male) |
| 11:38 | Create | Villager (Male) |
| 11:40 | Create | Villager (Male) |
| 13:04 | Create | Fishing Ship |
| 13:04 | Create | Fishing Ship |
| 13:04 | Create | Fishing Ship |
| 13:04 | Create | Fishing Ship |
| 13:13 | Build | Lumber Camp |
| 13:18 | Create | Villager (Male) |
| 13:48 | Research | Feudal Age |
| 13:57 | Build | House |
| 15:27 | Create | Villager (Male) |
| 15:28 | Create | Villager (Male) |
| 15:51 | Build | Mining Camp |
| 15:59 | Age | Feudal Age |
| 16:06 | Build | House |
| 16:30 | Research | Tech 906 |
| 16:31 | Create | Fishing Ship |
| 16:35 | Create | Villager (Male) |
| 16:48 | Build | House |
| 17:05 | Build | Watch Tower |
| 17:34 | Build | Mill |
| 18:15 | Build | Barracks |
| 18:22 | Build | Market |
| 18:27 | Build | Blacksmith |
| 18:28 | Create | Villager (Male) |
| 18:53 | Build | Mining Camp |
| 19:25 | Research | Castle Age |
| 19:33 | Create | Militia |
| 19:48 | Create | Fishing Ship |
| 19:49 | Create | Fishing Ship |
| 20:01 | Build | House |
| 20:24 | Create | Militia |
| 20:26 | Create | Militia |
| 21:16 | Build | Farm |
| 21:17 | Build | Farm |
| 21:44 | Research | Man-at-Arms (upgrade) |
| 22:04 | Create | Spearman |
| 22:05 | Age | Castle Age |
| 22:23 | Create | Villager (Male) |
| 22:25 | Create | Villager (Male) |
| 22:42 | Build | Watch Tower |
| 22:53 | Create | Militia |
| 22:54 | Create | Militia |
| 24:01 | Research | Forging |
| 24:39 | Create | Villager (Male) |
| 24:40 | Create | Villager (Male) |
| 24:40 | Create | Villager (Male) |
| 25:17 | Build | Stone Wall |
| 25:29 | Build | House |
| 25:33 | Create | Spearman |
| 25:34 | Create | Spearman |
| 25:35 | Create | Spearman |
| 25:37 | Create | Spearman |
| 25:54 | Create | Fishing Ship |
| 25:57 | Create | Fishing Ship |
| 25:58 | Create | Fishing Ship |
| 25:59 | Create | Fishing Ship |
| 26:00 | Create | Fishing Ship |
| 26:04 | Create | Villager (Male) |
| 26:05 | Create | Villager (Male) |
| 26:05 | Create | Villager (Male) |
| 27:00 | Research | Squires |
| 27:01 | Create | Spearman |
| 27:57 | Research | Iron Casting |
| 28:11 | Build | Castle |
| 29:04 | Build | Castle |
| 29:33 | Build | House |
| 30:03 | Research | Long Swordsman (upgrade) |
| 30:04 | Create | Militia |
| 30:05 | Create | Militia |
| 30:31 | Research | Fletching |
| 31:04 | Create | Villager (Male) |
| 31:04 | Create | Villager (Male) |
| 31:04 | Create | Villager (Male) |
| 31:05 | Create | Villager (Male) |
| 31:58 | Create | Berserk |
| 32:06 | Create | Spearman |
| 32:08 | Create | Militia |
| 34:01 | Build | Farm |
| 34:03 | Build | Farm |
| 34:15 | Build | Gate |
| 34:25 | Build | House |
| 35:45 | Build | Castle |
| 37:49 | Create | Villager (Male) |
| 37:49 | Create | Villager (Male) |
| 37:50 | Create | Villager (Male) |
| 37:50 | Create | Villager (Male) |
| 37:50 | Create | Villager (Male) |
| 37:50 | Create | Villager (Male) |
| 37:50 | Create | Villager (Male) |
| 37:51 | Create | Villager (Male) |
| 37:51 | Create | Villager (Male) |
| 37:51 | Create | Villager (Male) |
| 37:51 | Create | Villager (Male) |
| 37:51 | Create | Villager (Male) |
| 37:52 | Create | Villager (Male) |
| 37:52 | Create | Villager (Male) |
| 37:52 | Create | Villager (Male) |
| 38:39 | Build | Stone Wall |
| 39:04 | Create | Berserk |
| 39:06 | Create | Berserk |
| 39:07 | Create | Berserk |
| 39:07 | Create | Berserk |
| 39:07 | Create | Berserk |
| 41:01 | Create | Berserk ×5 |
| 41:01 | Create | Berserk |
| 41:01 | Create | Berserk |
| 41:35 | Build | Stone Wall |
| 41:49 | Build | Gate |
| 42:20 | Build | Castle |
| 43:51 | Create | Berserk |
| 43:51 | Create | Berserk |
| 43:52 | Create | Berserk |
| 43:52 | Create | Berserk |
| 43:52 | Create | Berserk |
| 43:52 | Create | Berserk |
| 43:52 | Create | Berserk |
| 43:53 | Create | Berserk |
| 44:27 | Create | Berserk |
| 44:28 | Create | Berserk |
| 44:28 | Create | Berserk |
| 45:06 | Build | House |
| 45:43 | Research | Scale Mail Armor |
| 45:55 | Build | University |
| 46:55 | Build | Town Center |
| 47:19 | Create | Villager (Male) |
| 47:19 | Create | Villager (Male) |
Match timeline
| 1:16 | HakunaPotato · first_building Dock |
| 1:21 | Caterpillar punta de acero · first_building Dock |
| 1:23 | Doraso Troncoso de Elite · wall_segment Palisade Wall x1 |
| 1:26 | Doraso Troncoso de Elite · wall_segment Palisade Wall x1 |
| 1:28 | Doraso Troncoso de Elite · wall_segment Palisade Wall x1 |
| 1:30 | Doraso Troncoso de Elite · wall_segment Palisade Wall x1 |
| 1:34 | Doraso Troncoso de Elite · wall_segment Palisade Wall x1 |
| 1:40 | Doraso Troncoso de Elite · wall_segment Palisade Wall x1 |
| 1:47 | Doraso Troncoso de Elite · wall_segment Palisade Wall x1 |
| 1:56 | Doraso Troncoso de Elite · wall_segment Palisade Wall x1 |
| 2:18 | Dedo de Gomero de Elite · first_building Dock |
| 2:30 | chin chu lin · first_building Dock |
| 2:31 | Alisc · first_building Dock |
| 3:11 | Doraso Troncoso de Elite · first_building Dock |
| 5:22 | Doraso Troncoso de Elite · wall_segment Palisade Wall x1 |
| 5:43 | Doraso Troncoso de Elite · wall_segment Palisade Wall x1 |
| 5:45 | Doraso Troncoso de Elite · wall_segment Palisade Wall x1 |
| 5:46 | Doraso Troncoso de Elite · wall_segment Palisade Wall x1 |
| 6:14 | Napoleon · first_building Dock |
| 6:50 | Doraso Troncoso de Elite · wall_segment Palisade Wall x1 |
| 6:58 | Doraso Troncoso de Elite · wall_segment Palisade Wall x1 |
| 7:16 | Doraso Troncoso de Elite · wall_segment Palisade Wall x1 |
| 8:27 | Doraso Troncoso de Elite · wall_segment Palisade Wall x1 |
| 10:18 | Doraso Troncoso de Elite · wall_segment Palisade Wall x2 |
| 10:55 | Chandler · wall_segment Palisade Wall x1 |
| 11:00 | Chandler · wall_segment Palisade Wall x1 |
| 13:40 | HakunaPotato · age_up feudal |
| 13:41 | Napoleon · first_building Barracks |
| 13:41 | Dedo de Gomero de Elite · age_up feudal |
| 14:14 | Doraso Troncoso de Elite · wall_segment Palisade Wall x1 |
| 14:27 | Napoleon · wall_segment Palisade Wall x10 |
| 14:32 | Doraso Troncoso de Elite · wall_segment Palisade Wall x1 |
| 14:32 | HakunaPotato · first_building Barracks |
| 14:33 | Caterpillar punta de acero · age_up feudal |
| 14:52 | Napoleon · wall_segment Palisade Wall x8 |
| 15:15 | Napoleon · wall_segment Palisade Wall x17 |
| 15:18 | Chandler · wall_segment Palisade Wall x1 |
| 15:19 | Napoleon · wall_segment Palisade Wall x2 |
| 15:19 | Chandler · wall_segment Palisade Wall x2 |
| 15:19 | Chandler · wall_segment Palisade Wall x1 |
| 15:19 | Dedo de Gomero de Elite · first_market_buy 100 food |
| 15:20 | Chandler · wall_segment Palisade Wall x1 |
| 15:27 | Chandler · wall_segment Palisade Wall x1 |
| 15:28 | Doraso Troncoso de Elite · first_building Barracks |
| 15:30 | Chandler · wall_segment Palisade Wall x1 |
| 15:33 | Napoleon · age_up feudal |
| 15:36 | Napoleon · first_building Stable |
| 15:36 | Chandler · wall_segment Palisade Wall x1 |
| 15:47 | Doraso Troncoso de Elite · age_up feudal |
| 15:59 | chin chu lin · age_up feudal |
| 16:19 | Chandler · age_up feudal |
| 16:20 | Napoleon · wall_segment Palisade Wall x4 |
| 16:23 | Napoleon · wall_segment Palisade Wall x5 |
| 16:24 | HakunaPotato · first_building Stable |
| 17:01 | Dedo de Gomero de Elite · first_building Barracks |
| 17:30 | Alisc · first_building Barracks |
| 17:38 | Dedo de Gomero de Elite · first_building Stable |
| 17:43 | Alisc · age_up feudal |
| 17:47 | Dedo de Gomero de Elite · age_up castle |
| 18:15 | chin chu lin · first_building Barracks |
| 18:27 | Alisc · first_building Archery Range |
| 18:31 | Alisc · first_building Stable |
| 18:47 | Caterpillar punta de acero · first_market_sell 100 food |
| 19:47 | Napoleon · age_up castle |
| 19:56 | Chandler · first_building Dock |
| 21:29 | HakunaPotato · wall_segment Palisade Wall x4 |
| 21:46 | Caterpillar punta de acero · age_up castle |
| 22:05 | chin chu lin · age_up castle |
| 22:43 | Caterpillar punta de acero · first_market_buy 100 stone |
| 22:59 | HakunaPotato · age_up castle |
| 25:17 | chin chu lin · wall_segment Stone Wall x7 |
| 25:31 | Caterpillar punta de acero · first_building Monastery |
| 25:41 | Doraso Troncoso de Elite · wall_segment Stone Wall x2 |
| 26:16 | Chandler · wall_segment Palisade Wall x1 |
| 26:24 | Dedo de Gomero de Elite · tribute_sent a jugador 1 |
| 26:24 | Dedo de Gomero de Elite · tribute_sent a jugador 2 |
| 26:24 | Dedo de Gomero de Elite · tribute_sent a jugador 3 |
| 26:24 | Dedo de Gomero de Elite · tribute_sent a jugador 5 |
| 26:24 | Dedo de Gomero de Elite · tribute_sent a jugador 6 |
| 26:24 | Dedo de Gomero de Elite · tribute_sent a jugador 7 |
| 26:24 | Dedo de Gomero de Elite · tribute_sent a jugador 8 |
| 26:24 | Caterpillar punta de acero · tribute_sent a jugador 1 |
| 26:24 | Caterpillar punta de acero · tribute_sent a jugador 3 |
| 26:24 | Caterpillar punta de acero · tribute_sent a jugador 4 |
| 26:24 | Caterpillar punta de acero · tribute_sent a jugador 5 |
| 26:24 | Caterpillar punta de acero · tribute_sent a jugador 6 |
| 26:24 | Caterpillar punta de acero · tribute_sent a jugador 7 |
| 26:24 | Caterpillar punta de acero · tribute_sent a jugador 8 |
| 26:32 | Doraso Troncoso de Elite · first_building Archery Range |
| 27:10 | Chandler · wall_segment Palisade Wall x1 |
| 27:15 | Chandler · first_market_buy 100 food |
| 27:28 | Chandler · first_market_sell 100 stone |
| 27:57 | Caterpillar punta de acero · first_building Castle |
| 28:11 | chin chu lin · first_building Castle |
| 28:55 | Caterpillar punta de acero · first_building Barracks |
| 29:11 | Dedo de Gomero de Elite · first_building Castle |
| 29:35 | Doraso Troncoso de Elite · age_up castle |
| 29:46 | Napoleon · first_building Castle |
| 29:48 | Caterpillar punta de acero · first_building Stable |
| 30:41 | HakunaPotato · first_market_buy 100 food |
| 30:49 | Doraso Troncoso de Elite · first_building Siege Workshop |
| 30:55 | Doraso Troncoso de Elite · first_market_buy 100 stone |
| 31:15 | Alisc · age_up castle |
| 31:53 | Doraso Troncoso de Elite · first_building Castle |
| 32:07 | Napoleon · first_building Archery Range |
| 32:18 | Alisc · first_building Castle |
| 32:37 | Caterpillar punta de acero · age_up imperial |
| 32:41 | Dedo de Gomero de Elite · first_market_sell 100 wood |
| 34:28 | HakunaPotato · first_building Castle |
| 34:51 | Chandler · age_up castle |
| 35:01 | HakunaPotato · first_building Siege Workshop |
| 35:16 | Chandler · first_building Castle |
| 35:57 | HakunaPotato · first_market_sell 500 wood |
| 38:39 | chin chu lin · wall_segment Stone Wall x1 |
| 38:46 | Alisc · first_building Siege Workshop |
| 38:52 | Napoleon · age_up imperial |
| 40:33 | Dedo de Gomero de Elite · wall_segment Stone Wall x8 |
| 41:27 | Chandler · wall_segment Stone Wall x1 |
| 41:35 | chin chu lin · wall_segment Stone Wall x9 |
| 42:35 | Dedo de Gomero de Elite · wall_segment Palisade Wall x1 |
| 42:41 | Dedo de Gomero de Elite · age_up imperial |
| 44:06 | HakunaPotato · age_up imperial |
| 47:45 | Alisc · resign |
[ AI ANALYSIS · 1 CREDIT ]
What really happened in this match?
Wolo.gg analyzes every decision: build order, eco, micro, common mistakes by bracket. Personalized analysis on WhatsApp or Discord in 30 seconds.
Civ guide
Huns
Map guide
Nomad
Perfil
Jugador #392476